 Dungeon Crawl Stone Soup version bcrawl-1.18 (webtiles) character file.

Game seed: 6087717447402244012

170 Freyura the Skirmisher (level 5, -1/33 HPs)
             Began as a Gargoyle Fighter on Nov 4, 2019.
             Was a Follower of the Shining One.
             Slain by an orc
             ... wielding a +0 trident
              (3 damage)
             ... on level 3 of the Dungeon.
             The game lasted 00:03:49 (2174 turns).

Freyura the Skirmisher (Gargoyle Fighter)           Turns: 2174, Time: 00:03:50

Health: -1/33      AC: 11    Str: 19    XL:     5   Next: 51%
Magic:  5/6        EV:  7    Int:  9    God:    the Shining One [*.....]
Gold:   86         SH:  9    Dex: 10    Spells: 4/4 levels left

rFire    . . .     SeeInvis .   a - +0 flail
rCold    . . .     Gourm    .   c - +0 shield
rNeg     + . .     Faith    .   b - +0 scale mail
rPois    ∞         Spirit   .   (no helmet)
rElec    +         Reflect  .   (no cloak)
rCorr    .         Harm     .   (no gloves)
MR       .....                  (no boots)
Stlth    ..........             (no amulet)
HPRegen  0.11/turn              (no ring)
MPRegen  0.10/turn              (no ring)

@: slowed, glowing, very slow
A: negative energy resistance 1, electricity resistance, unbreathing,
petrification resistance, rot immunity, AC +4
a: Renounce Religion


You were on level 3 of the Dungeon.
You worshipped the Shining One.
The Shining One was aware of your devotion.
You were not hungry.

You visited 1 branch of the dungeon, and saw 4 of its levels.

You collected 86 gold pieces.

Inventory:

Hand Weapons
 a - a +0 flail (weapon)
Armour
 b - a +0 scale mail (worn)
 c - a +0 shield (worn)
Jewellery
 g - an uncursed ring of insulation {unknown}
Scrolls
 e - 4 scrolls of identify {unknown}
 h - a scroll of enchant weapon {unknown}
 k - 2 scrolls of magic mapping {unknown}
Potions
 i - a potion of lignification {unknown}
 j - 2 potions of heal wounds {unknown}
 m - 2 potions of haste {unknown}
Comestibles
 f - a ration {!d}


   Skills:
 + Level 4.1 Fighting
 * Level 3.6 Maces & Flails
 + Level 4.0 Armour
 + Level 4.1 Shields
 + Level 1.3 Invocations


You had 4 spell levels left.
You didn't know any spells.
Your spell library was empty.

Dungeon Overview and Level Annotations

Branches:
Dungeon (4/12)
 Temple: D:4-7

Altars:
Nemelex Xobeh
Yredelemnul
The Shining One


Innate Abilities, Weirdness & Mutations

You are resistant to torment.
Your stone body is resilient. (AC +4)
You are immune to poison.
You resist negative energy. (rN+)
You are resistant to electric shocks. (rElec)
You can survive without breathing.
You are immune to petrification.
You are immune to rotting.


Message History

The orc priest is moderately wounded.
You block the orc's attack.
The orc priest hits you but does no damage.
The orc priest mumbles some strange prayers to Beogh against you.
Beogh smites you!
* * * LOW HITPOINT WARNING * * *
The orc hits you but does no damage.
The orc priest mumbles some strange prayers to Beogh against you.
You barely resist. You block the orc's attack.
You hit the orc priest.
The orc priest is heavily wounded.
You block the orc priest's attack. The orc hits you but does no damage.
The orc barely misses you.
The orc priest hits you but does no damage.
The orc hits you but does no damage.
You sock the orc priest!
You kill the orc priest!
The Shining One accepts your kill. The orc hits you with a +0 trident.
You die...

............
....(...o...
#.#....w.. #.#.....
#.#)..# # #...K.#.#
#########.w###.###
#.....##8oo8#....#
#.###.#..o@).###.#
#.###<#(.........###
#.#....#8..8#.......
#.#....##..##.#....
#.#..†........#..#
#.....##.#.......##.
###......#..........
#.######.......##
#.# ##)####....


You could see an orc priest, a dart slug, 2 orcs and a kobold.

Vanquished Creatures
  A howler monkey (D:4)
  An orc priest (D:3)
  An orc wizard (D:3)
  An adder (D:3)
  4 dart slugs
  3 leopard geckos
  3 orcs (D:2)
  A ball python (D:1)
  9 bats
  3 giant cockroaches (D:1)
  4 goblins
  4 hobgoblins
  A jackal (D:3)
  3 quokkas
  2 frilled lizards (D:2)
  2 gnoll zombies (D:2)
  4 kobolds
  4 rats
51 creatures vanquished.

Notes
Turn   | Place    | Note
-------+----------+-------------------------------------------
     0 | D:1      | Freyura the Gargoyle Fighter began the quest for the Orb.
     0 | D:1      | Reached XP level 1. HP: 14/14 MP: 1/1
   181 | D:1      | Reached XP level 2. HP: 14/19 MP: 2/2
   497 | D:1      | Reached XP level 3. HP: 23/23 MP: 3/3
  1143 | D:2      | Found a glowing golden altar of the Shining One.
  1150 | D:2      | Became a worshipper of the Shining One
  1173 | D:2      | Found a sparkling altar of Nemelex Xobeh.
  1606 | D:2      | Reached XP level 4. HP: 25/29 MP: 4/4
  1640 | D:2      | Found a basalt altar of Yredelemnul.
  1886 | D:3      | Reached * piety under the Shining One
  1930 | D:4      | Reached skill level 1 in Invocations
  2171 | D:3      | Reached XP level 5. HP: 25/33 MP: 5/5
  2174 | D:3      | Slain by an orc

Skill      XL: |  1  2  3  4 |
---------------+-------------+-----
Maces & Flails | 3 |  3.6
Fighting       | 4 |  4.1
Invocations    | 1 |  1.3
Armour         | 4 |  4.0
Shields        | 4 |  4.1

Action                   |  1- 3 |  4- 6 || total
-------------------------+-------+-------++-------
Melee: Flail             |   130 |    30 ||   160
  Use: Potion            |       |     1 ||     1
  Eat: Chunk             |     2 |     1 ||     3
       Ration            |       |     1 ||     1
Armor: Scale mail        |    95 |    14 ||   109
Dodge: Dodged            |    57 |     9 ||    66
Block: Shield            |    60 |    14 ||    74
